 Dungeon Crawl Stone Soup version 0.29.0-4-gdea44cf6ec (webtiles) character file.

Game seed: 6438926541803269114

2 adizb the Caller (level 1, -2/14 HPs)
             Began as a Meteoran Summoner on Aug 27, 2022.
             Slain by a hobgoblin (5 damage)
             ... on level 1 of the Dungeon.
             The game lasted 00:01:17 (63 turns).

adizb the Caller (Meteoran Summoner)                  Turns: 63, Time: 00:01:17

Health: -2/14      AC:  2    Str:  9    XL:     1   Next: 42%
Magic:  5/5        EV: 12    Int: 16    God:
Gold:   26         SH:  0    Dex: 14    Spells: 4/5 levels left

rFire   . . .      SeeInvis .   (no weapon)
rCold   . . .      Faith    .   (no shield)
rNeg    . . .      Spirit   .   a - +0 robe
rPois   .          Reflect  .   (no helmet)
rElec   .          Harm     .   (no cloak)
rCorr   .          Rampage  .   (no gloves)
Will    .....                   (no boots)
Stlth   +.........              (no amulet)
HPRegen 0.04/turn               (no ring)
MPRegen 0.09/turn               (no ring)

@: glowing
A: sense surroundings 1, otherworldly, glowing, explore regen
a: no special abilities


You were on level 1 of the Dungeon.
You visited 1 branch of the dungeon, and saw 1 of its levels.

You collected 26 gold pieces.

Inventory:

Armour
 a - a +0 robe (worn)
Potions
 b - a potion of magic
 c - a potion of mutation {unknown}


   Skills:
 + Level 2.5 Dodging
 - Level 1.4 Stealth
 + Level 2.7 Spellcasting
 + Level 4.8 Summonings


You had 4 spell levels left.
You knew the following spells:

 Your Spells              Type           Power      Damage    Failure   Level
a - Summon Small Mammal   Summ           68%        N/A       2%          1

Your spell library contained the following spells:

 Spells                   Type           Power      Damage    Failure   Level
 Call Imp                 Summ           17%        N/A       4%          2
 Call Canine Familiar     Summ           17%        N/A       8%          3
 Summon Guardian Golem    Hex/Summ       10%        N/A       22%         3
 Summon Lightning Spire   Summ/Air       10%        N/A       56%         4


Dungeon Overview and Level Annotations

Branches:
Dungeon (1/15) Zot: 537

Altars:


Innate Abilities, Weirdness & Mutations

You passively map a small area around you.
You are easily found by Zot.
You glow in the dark.
You regain HP and MP as you explore.


Message History

The quokka barely misses you. The rat bites you.
You hit the quokka.
The quokka is heavily wounded.
Your bat hits the rat but does no damage.
Your quokka barely misses the quokka.
The quokka bites you.
Your bat misses the quokka. The rat barely misses your bat.
You hit the rat but do no damage.
The rat is heavily wounded.
Your bat hits the rat but does no damage.
Your quokka closely misses the quokka.
The quokka bites you.
* * * LOW HITPOINT WARNING * * *
The rat bites you.
* * * LOW HITPOINT WARNING * * *
You hit the rat.
You kill the rat!
Your quokka completely misses the quokka.
The quokka bites you but does no damage.
Your bat hits the quokka.
Your quokka closely misses the quokka.
You strike the helpless quokka from behind!
You hit the quokka but do no damage.
The quokka is severely wounded.
Your bat barely misses the quokka.
Your bat hits the quokka but does no damage.
The quokka twitches its whiskers.
The quokka closely misses you.
Your quokka bites the quokka.
You hit the quokka.
You kill the quokka!
You now have 11 gold pieces.
You swap places.
You now have 26 gold pieces (gained 15).
Magic restored.
Found a murky red potion.
Your quokka disappears in a puff of smoke!
c - a murky red potion A hobgoblin comes into view.
The hobgoblin shouts!
The hobgoblin hits you.
* * * LOW HITPOINT WARNING * * *
The hobgoblin attacks as you move away! The hobgoblin hits you.
You die...

, , , ..., , , * * , ...
, * ,, .. ,.., * ** #. *
#.
.###.#.#################
,
.......@b...............
......g#################
#####.. , , #.#* * * ##
#. * ,... * #. *, ** ###
* # , * #.# , #.# , *
#.#


You could see a hobgoblin (ally target) and a friendly bat (summoned).

Vanquished Creatures
  A quokka (D:1)
  A rat (D:1)
2 creatures vanquished.

Notes
Turn   | Place    | Note
-------+----------+-------------------------------------------
     0 | D:1      | adizb the Meteoran Summoner began the quest for the Orb.
     0 | D:1      | Reached XP level 1. HP: 14/14 MP: 5/5
    63 | D:1      | Slain by a hobgoblin

Illustrated notes

Levels and vault maps discovered:
D:1:      lemuel_arrival_cross, layout_loops_ring,
          hellmonk_ecumenical_altar_slurped_away

Action                   || total
-------------------------++-------
Melee: Unarmed           ||     6
 Cast: Summon Small Mamm ||     2
 Stab: Distracted        ||     1
Armor: Robe              ||     1
Dodge: Dodged            ||     3
